 Dungeon Crawl Stone Soup version 0.30.1-4-g462c640d31 (webtiles) character file.

Game seed: 6034479958255084125

5856 hawla the Thaumaturge (level 11, -2/82 HPs)
             Began as a Meteoran Fire Elementalist on Aug 29, 2023.
             Was a Believer of Vehumet.
             Slain by a spectral orc warrior
             ... wielding a +0 long sword
             ... summoned by Nergalle
              (8 damage)
             ... on level 2 of the Lair of Beasts.
             The game lasted 00:18:53 (3460 turns).

hawla the Thaumaturge (Meteoran Fire Elementalist)  Turns: 3460, Time: 00:18:56

Health: -2/82      AC: 10    Str: 10    XL:     11   Next: 28%
Magic:  4/27       EV: 16    Int: 21    God:    Vehumet [**....]
Gold:   380        SH:  0    Dex: 21    Spells: 25/32 levels left

rFire   + . .        b - +0 flail (protect)
rCold   . . .        (no shield)
rNeg    + + .        h - +2 robe {rN+}
rPois   .            o - +2 hat
rElec   .            (no cloak)
rCorr   .            (no gloves)
SInv    +            r - +0 pair of boots "Omett" {rF+}
Will    +....        (no amulet)
Stlth   +            j - +6 ring of dexterity
HPRegen 0.33/turn    m - ring of positive energy
MPRegen 0.20/turn

%: no passive effects
@: glowing
A: sense surroundings 2, otherworldly, glowing, explore regen, talons 1,
iridescent scales 1, see invisible, shaggy fur 1
a: Renounce Religion


You were on level 2 of the Lair of Beasts.
You worshipped Vehumet.
Vehumet was pleased with you.
You visited 3 branches of the dungeon, and saw 12 of its levels.

You collected 380 gold pieces.

Inventory:

Hand Weapons
 b - a +0 flail of protection (weapon)
Armour
 h - a +2 robe of positive energy (worn)
 o - a +2 hat (worn)
 r - the +0 pair of boots "Omett" (worn) {rF+}
   (You found it on level 6 of the Dungeon)

   rF:        It protects you from fire.
Jewellery
 f - a ring of ice
 j - a +6 ring of dexterity (left hand)
 m - a ring of positive energy (right hand)
 p - a ring of wizardry
 t - a +4 ring of protection
 x - a ring of willpower
Wands
 c - a wand of flame (16)
 s - a wand of paralysis (7) (quivered)
Scrolls
 i - 2 scrolls of teleportation
 k - a scroll of enchant armour
 n - a scroll of fog
Potions
 a - a potion of magic
 d - 2 potions of curing
 e - 4 potions of flight
 l - 2 potions of haste
 q - 3 potions of lignification {unknown}
 v - a potion of heal wounds


   Skills:
 + Level 3.3 Fighting
 + Level 3.8 Maces & Flails
 + Level 5.7 Dodging
 - Level 1.4 Stealth
 + Level 11.3 Spellcasting
 + Level 7.7 Conjurations
 + Level 11.2 Fire Magic
 + Level 3.0 Evocations


You had 25 spell levels left.
You knew the following spells:

 Your Spells              Type           Power      Damage    Failure   Level
a - Foxfire               Conj/Fire      100%       2x1d9     1%          1
b - Scorch                Fire           100%       2d9       1%          2
c - Flame Wave            Conj/Fire      51%        2d13      1%          4

Your spell library contained the following spells:

 Spells                   Type           Power      Damage    Failure   Level
 Shock                    Conj/Air       100%       1d9       1%          1
 Magic Dart               Conj           100%       1d8       1%          1
 Inner Flame              Hex/Fire       35%        N/A       1%          3
 Volatile Blastmotes      Fire/Tloc      70%        2d15      1%          3
 Hailstorm                Conj/Ice       28%        3d8       3%          3
 Freeze                   Ice            44%        1d6       5%          1
 Mephitic Cloud           Conj/Pois/Air  22%        N/A       6%          3
 Call Imp                 Summ           22%        N/A       9%          2
 Frozen Ramparts          Ice            22%        1d4       17%         3


Dungeon Overview and Level Annotations

Branches:
Dungeon (9/15) Zot: 2293   Temple (1/1) D:6 Zot: 433    Lair (2/5) D:8 Zot: 1007
  Swamp: Lair:2-3    Shoals: Lair:2-3     Snake: Lair:2-3    Spider: Lair:2-3
    Orc: D:9-12

Altars:
Ashenzari
Fedhas
Gozag
Kikubaaqudgha
Nemelex Xobeh
Qazlal
Vehumet
Wu Jian
Xom
Yredelemnul

Annotations:
Lair:2 Nergalle


Innate Abilities, Weirdness & Mutations

You passively map the area around you.
You are easily found by Zot.
You glow in the dark.
You regain HP and MP as you explore.
You have sharp toenails.
You are partially covered in iridescent scales. (AC +2)
You have supernaturally acute eyesight. (SInv)
You are covered in fur. (AC +1)


Message History

The spectral orc knight hits you with a +0 great mace.
Nergalle casts a spell at the spectral orc knight.
The spectral orc knight seems to speed up.
The spectral orc warrior hits you with a +0 long sword.
* * * LOW HITPOINT WARNING * * *
Unknown command.
Casting: Flame Wave (mildly dangerous; 1% risk of failure)
Confirm with . or Enter, or press ? or * to list all spells.
Casting: Flame Wave (mildly dangerous; 1% risk of failure)
Press: ? - help, Dir - look around, f - activate A wave of flame ripples out!
The flame wave engulfs the spectral orc knight.
The spectral orc knight is almost destroyed.
The flame wave engulfs the spectral orc warrior!
The spectral orc warrior is almost destroyed.
The flame wave engulfs Nergalle!
Nergalle is heavily wounded.
The flame wave engulfs the spectral orc warlord!
The spectral orc warlord is heavily damaged. (Press . to intensify the flame waves.)
The spectral orc knight barely misses you.
Nergalle hits you but does no damage.
The spectral orc warlord hits you with a +3 long sword!!
* * * LOW HITPOINT WARNING * * *
The spectral orc warrior hits you but does no damage.
You feel much better.
The spectral orc knight closely misses you.
The spectral orc knight completely misses you.
The spectral orc warlord hits you with a +3 long sword!
* * * LOW HITPOINT WARNING * * *
The spectral orc warrior misses you.
Nergalle drinks a potion.
Nergalle is healed!
As you read the scroll of fear, it crumbles to dust.
You assume a fearsome visage.
The spectral orc knight is unaffected.
The spectral orc warrior is unaffected.
The spectral orc warlord is unaffected.
Nergalle looks frightened!
The spectral orc knight closely misses you.
The spectral orc warlord closely misses you.
The spectral orc warrior hits you with a +0 long sword!
You die...

* *, .# ...#..###.# * , *
#..... ..........# ,
##..P..####..##.#### *
*,,
*#.........####..#.P## *
#?#.###.............. ,
**
*####.......#..#.#....###
,
*.......o...#..........#
,, *
......Z.Z###..........#~
**
......Z@###...P..8..8.# *
,
.......§§.....P.#8..8~~~
*
~~~.§§#..#.#....~~..~~≈≈
* , * *
≈≈~~~§..~§....~~~~..≈≈≈≈
*,
≈≈≈≈§~~~..§~~~~≈≈≈..≈≈~
,*~~~≈≈≈≈≈~~~~~≈≈≈≈≈≈..~~
* #~~~≈≈≈≈≈≈≈≈≈≈≈~~~..~ ,
#..~~~~≈≈≈≈≈~~~~#8..8
#..~#~~~~~~~~P##8. ,


You could see Nergalle (fleeing), a spectral orc warrior (summoned), a spectral
orc knight (summoned, fast) and a spectral orc warlord (summoned).

Vanquished Creatures
  A rime drake (Lair:1)
  A hornet (D:9)
  A troll (D:9)
  4 blink frogs (Lair:1)
  4 dream sheep (Lair:1)
  2 wyverns
  4 yaks
  2 basilisks
  4 water moccasins
  2 black bears
  3 ice beasts
  An ogre (D:5)
  2 wolves (Lair:1)
  A centaur (D:5)
  Blork the orc (D:4)
  3 bullfrogs
  A scorpion (D:5)
  A gnoll sergeant (D:7)
  3 killer bees (D:8)
  3 howler monkeys (D:8)
  An electric eel (D:9)
  3 hounds
  A gnoll bouda (D:9)
  7 orc priests
  3 sleepcaps
  An iguana (D:5)
  5 orc wizards
  14 gnolls
  A white imp (D:5)
  An ufetubus (D:5)
  3 dart slugs
  24 orcs
  2 endoplasms
  3 goblins
  7 hobgoblins
  A quokka (D:1)
  5 ball pythons
  A bat (D:2)
  2 frilled lizards
  5 kobolds
  4 rats
138 creatures vanquished.

Vanquished Creatures (others)
  A jelly (D:5)
  An iguana (D:5)
  177 foxfires
179 creatures vanquished.

Grand Total: 317 creatures vanquished

Notes
Turn   | Place    | Note
-------+----------+-------------------------------------------
     0 | D:1      | hawla the Meteoran Fire Elementalist began the quest for
                  | the Orb.
     0 | D:1      | Reached XP level 1. HP: 14/14 MP: 5/5
    74 | D:1      | Reached XP level 2. HP: 14/20 MP: 1/6
    80 | D:1      | Learned a level 2 spell: Scorch
   280 | D:2      | Reached XP level 3. HP: 26/26 MP: 0/8
   424 | D:3      | Found an ornate altar of the Wu Jian Council.
   547 | D:3      | Found a sparkling altar of Nemelex Xobeh.
   578 | D:3      | Reached XP level 4. HP: 31/33 MP: 5/10
   583 | D:3      | Learned a level 4 spell: Flame Wave
   817 | D:4      | Found a stormy altar of Qazlal.
   820 | D:4      | Noticed a black bear
   824 | D:4      | Killed a black bear
   825 | D:4      | Reached XP level 5. HP: 38/38 MP: 4/11
   906 | D:4      | Noticed Blork the orc
   915 | D:4      | Killed Blork the orc
   916 | D:4      | Reached skill level 5 in Fire Magic
   916 | D:4      | Reached XP level 6. HP: 20/45 MP: 0/13
   930 | D:4      | Gained mutation: Your magical capacity is low. (-10% MP)
                  | [potion of mutation]
   930 | D:4      | Gained mutation: You have supernaturally acute eyesight.
                  | (SInv) [potion of mutation]
   930 | D:4      | Gained mutation: Your flesh is cold resistant. (rC+)
                  | [potion of mutation]
   930 | D:4      | Gained mutation: You have sharp toenails. [potion of
                  | mutation]
   936 | D:4      | Lost mutation: Your magical capacity is low. (-10% MP)
                  | [potion of mutation]
   936 | D:4      | Lost mutation: Your flesh is cold resistant. (rC+) [potion
                  | of mutation]
   936 | D:4      | Gained mutation: You are partially covered in iridescent
                  | scales. (AC +2) [potion of mutation]
   936 | D:4      | Gained mutation: You are covered in fur. (AC +1) [potion of
                  | mutation]
  1149 | D:4      | Reached XP level 7. HP: 51/51 MP: 9/15
  1338 | D:5      | Entered Level 5 of the Dungeon
  1346 | D:5      | You fall into a shaft and drop 2 floors!
  1458 | D:5      | Reached skill level 5 in Spellcasting
  1634 | D:5      | Reached XP level 8. HP: 51/58 MP: 9/18
  1661 | D:5      | Reached skill level 5 in Conjurations
  2187 | D:6      | Reached skill level 1 in Fighting
  2187 | D:6      | Found a staircase to the Ecumenical Temple.
  2195 | Temple   | Entered the Ecumenical Temple
  2280 | Temple   | Became a worshipper of Vehumet
  2368 | D:6      | Identified the +0 pair of boots "Omett" {rF+}
  2786 | D:7      | Gained mutation: You passively map the area around you.
                  | [Meteoran growth]
  2786 | D:7      | Reached XP level 9. HP: 61/64 MP: 4/21
  2926 | D:8      | Reached skill level 1 in Maces & Flails
  2939 | D:9      | Noticed a hornet
  2944 | D:9      | Killed a hornet
  2974 | D:9      | Reached * piety under Vehumet
  2974 | D:9      | Offered knowledge of Sandblast by Vehumet.
  2979 | D:9      | Reached XP level 10. HP: 66/73 MP: 9/24
  3070 | D:9      | Found a basalt altar of Yredelemnul.
  3185 | D:8      | Found a staircase to the Lair.
  3269 | Lair:1   | Entered Level 1 of the Lair of Beasts
  3273 | Lair:1   | Reached skill level 10 in Spellcasting
  3273 | Lair:1   | Reached skill level 10 in Fire Magic
  3275 | Lair:1   | Offered knowledge of Shock by Vehumet.
  3314 | Lair:1   | Reached skill level 5 in Dodging
  3331 | Lair:1   | Reached ** piety under Vehumet
  3369 | Lair:1   | Noticed a rime drake
  3377 | Lair:1   | Killed a rime drake
  3379 | Lair:1   | Reached XP level 11. HP: 57/82 MP: 16/26
  3446 | Lair:2   | Noticed Nergalle
  3454 | Lair:2   | Noticed a spectral orc warlord
  3460 | Lair:2   | Slain by a spectral orc warrior

Illustrated notes

Levels and vault maps discovered:
D:1:      nzn_arrival_depleted_hourglass, layout_rooms
D:2:      layout_loops_cross, kennysheep_generic_room_4, uniq_natasha
D:3:      layout_loops_ring, mainiacjoe_overflow_cross_hatched,
          nicolae_wu_jian_wuxing_cycle
D:4:      layout_loops_cross, nicolae_qazlal_scattered_showers,
          dreamdust_wishing_well, minmay_misc_feat_encased, uniq_blork_the_orc
D:5:      nicolae_cairo_tiling, layout_gridville, chequers_jeans,
          lemuel_flamethrower_2
D:6:      layout_basic, minmay_temple_entry_ruins, hex_intersection
D:7:      layout_loops_ring, nzn_hepliaklqana_mist_gate
D:8:      layout_basic, dpeg_oklobed_lair
D:9:      layout_cave_pods, nicolae_overflow_hallway_of_the_gods, erik_orc_4,
          minivault_4
Temple:   oiseaux_autumnal_temple
Lair:1:   layout_small_grid, ebering_ghost_rock_garden
Lair:2:   wander_river, layout_loops_ring, uniq_sonja, uniq_nergalle,
          uniq_amaemon

Skill      XL: |  1  2  3  4  5  6  7  8  9 10 11 |
---------------+----------------------------------+-----
Spellcasting   | 3 4 6 7 9 10 11 | 11.3
Fire Magic     | 4 5 6 8 9 10 11 | 11.2
Conjurations   | 4 5 6 7 |  7.7
Dodging        | 3 4 5 |  5.7
Fighting       | 1 2 3 |  3.3
Evocations     | 3 |  3.0
Maces & Flails | 2 3 |  3.8
Stealth        | |  1.4

Action                     |  1- 3 |  4- 6 |  7- 9 | 10-12 || total
---------------------------+-------+-------+-------+-------++-------
  Melee: Unarmed           |     5 |     4 |       |       ||     9
         Kick              |       |     1 |     3 |       ||     4
         Flail             |       |       |    12 |    15 ||    27
         Punch             |       |       |     1 |     3 ||     4
   Cast: Foxfire           |    33 |    12 |    43 |    18 ||   106
         Scorch            |    13 |    15 |    40 |    11 ||    79
         Flame Wave        |       |     1 |    14 |    19 ||    34
  Evoke: Wand              |       |       |       |     1 ||     1
    Use: Scroll            |     1 |     5 |     1 |     9 ||    16
         Potion            |       |     4 |       |     2 ||     6
 Armour: Robe              |     3 |       |    19 |    40 ||    62
  Dodge: Dodged            |     8 |     4 |    37 |    77 ||   126
